 Dungeon Crawl Stone Soup version 0.19-a0-1686-g35356ef (webtiles) character file.

26 Amnesiac the Ogre Mage (level 3, -1/31 HPs)
             Began as an Ogre Wizard on Sept 25, 2016.
             Slain by a gnoll
             ... wielding a +0 spear
              (5 damage)
             ... on level 5 of the Dungeon.
             The game lasted 00:03:46 (1208 turns).

Amnesiac the Ogre Mage (Ogre Wizard)                Turns: 1208, Time: 00:03:47

Health: -1/31      AC:  4    Str: 12    XL:     3   Next: 8%
Magic:  2/8        EV: 10    Int: 17    God:
Gold:   41         SH:  0    Dex:  9    Spells: 3 memorised, 4 levels left

rFire  . . .     SeeInvis .     f - -2 club (curse)
rCold  . . .     Gourm    .     a - +0 robe
rNeg   . . .     Faith    .     (no shield)
rPois  .         Spirit   .     b - +0 hat
rElec  .         Dismiss  .     (no cloak)
rCorr  .         Reflect  .     (gloves unavailable)
MR     .....     Harm     .     (boots unavailable)
Stlth  +.........               (no amulet)
                                (no ring)
                                (no ring)

@: very slightly contaminated
A: unfitting armour, tough skin 1
a: no special abilities


You were on level 5 of the Dungeon.
You were very hungry.

You visited 1 branch of the dungeon, and saw 5 of its levels.

You collected 41 gold pieces.

Inventory:

Hand Weapons
 e - a cursed +0 quarterstaff
 f - a cursed -2 club (weapon)
 g - a +1 vampiric trident
Armour
 a - a +0 robe (worn)
 b - a +0 hat (worn)
Jewellery
 h - a +2 ring of evasion {unknown}
Books
 c - a book of Minor Magic

   Spells                             Type                      Level
   a - Magic Dart                     Conjuration                  1
   b - Blink                          Translocation                2
   c - Call Imp                       Summoning                    2
   d - Repel Missiles                 Charms/Air                   2
   e - Slow                           Hexes                        2
   f - Conjure Flame                  Conjuration/Fire             3
   g - Mephitic Cloud                 Conjuration/Poison/Air       3
Comestibles
 d - 2 bread rations


   Skills:
 - Level 1.7 Dodging
 - Level 1.5 Stealth
 - Level 4.0 Spellcasting
 + Level 1.7 Conjurations
 - Level 0.6 Summonings
   Level 0.6 Translocations


You had 4 spell levels left.
You knew the following spells:

 Your Spells              Type           Power        Failure   Level  Hunger
d - Call Imp              Summ           #.......     21%         2    ##.....
e - Mephitic Cloud        Conj/Pois/Air  #.......     38%         3    ###....
f - Magic Dart            Conj           #...         10%         1    None


Dungeon Overview and Level Annotations

Branches:
Dungeon (5/15)
 Temple: D:4-7

Altars:
Fedhas
Ru
Vehumet
Xom


Innate Abilities, Weirdness & Mutations

You are too large for most types of armour.
You have tough skin. (AC +1)


Message History

Increase (S)trength, (I)ntelligence, or (D)exterity?
You feel agile.
You feel stronger.
This spell is slightly dangerous to cast.
Memorise Mephitic Cloud, consuming 3 spell levels and leaving 4?
Your crimson imp disappears in a puff of smoke!
You start memorising the spell.
You continue memorising. x3
You finish memorising.
Spell assigned to 'a'.
Adjust (i)tems, (s)pells, or (a)bilities?
Adjust which spell? a - Mephitic Cloud Adjust to which letter? e - Mephitic Cloud
Okay, then.
Okay, then.
The gnoll shouts!
The gnoll hits you from afar with a spear!
* * * LOW HITPOINT WARNING * * *
You open the door. The gnoll closely misses you.
The gnoll hits you from afar with a spear.
You die...

######## #......#
#......# #......#
#....g.############
#..g...)...........
#.g....###.......##
#.@....##........#
###'###.#........#
.# #.#........## .#
#.....#.....# .#
#####.....(.. .#
.......... .#
#.##....... >.
...........
######.##...


You could see 3 gnolls.

Vanquished Creatures
  A ball python (D:4)
  4 bats
  2 giant cockroaches
  3 hobgoblins (D:1)
  A frilled lizard (D:1)
  3 rats
14 creatures vanquished.

Vanquished Creatures (collateral kills)
  A gnoll (D:5)
  An adder (D:3)
2 creatures vanquished.

Grand Total: 16 creatures vanquished

Notes
Turn   | Place    | Note
-------+----------+-------------------------------------------
     0 | D:1      | Amnesiac the Ogre Wizard began the quest for the Orb.
     0 | D:1      | Reached XP level 1. HP: 16/16 MP: 5/5
   237 | D:1      | Reached skill level 4 in Spellcasting
   297 | D:2      | Reached XP level 2. HP: 24/24 MP: 5/7
   343 | D:1      | Reached skill level 1 in Conjurations
   353 | D:1      | Learned a level 2 spell: Call Imp
   735 | D:4      | Noticed an ogre
   740 | D:4      | Found a radiant altar of Vehumet.
   740 | D:4      | Found a sacrificial altar of Ru.
   740 | D:4      | Found a shimmering altar of Xom.
   861 | D:4      | Noticed a phantom
   861 | D:4      | HP: 1/24 [poisoned by a worker ant]
   909 | D:5      | Entered Level 5 of the Dungeon
  1078 | D:5      | Found a blossoming altar of Fedhas.
  1197 | D:5      | Reached XP level 3. HP: 11/31 MP: 0/8
  1202 | D:5      | Learned a level 3 spell: Mephitic Cloud
  1208 | D:5      | Slain by a gnoll

Vault maps used:
D:1:      dpeg_arrival_simpleton_c
D:2:      ecumenical_altar_1
D:3:      minmay_joined_circles, uniq_jessica
D:4:      kennysheep_the_goblin_king, gammafunk_temple_overflow_forgotten,
          first_bread
D:5:      lemuel_round_altar, uniq_grinder

Skill      XL: |  1  2 |
---------------+-------+-----
Spellcasting   | 4 |  4.0
Conjurations   | 1 |  1.7
Dodging        | |  1.7
Stealth        | |  1.5
Summonings     | |  0.6
Translocations | |  0.6

Action                   || total
-------------------------++-------
Melee: Unarmed           ||     5
       Club              ||    24
 Cast: Magic Dart        ||    43
       Call Imp          ||    10
  Use: Scroll            ||     3
       Potion            ||     1
 Stab: Distracted        ||     1
Armor: Robe              ||    21
Dodge: Dodged            ||    35
